 Dungeon Sprint DCSS version 0.28.0-53-g5a82cb258f (webtiles) character file.

Game seed: 1639774679739416292

9284 Zeld the Warrior (level 11, -5/177 HPs)
             Began as a Minotaur Berserker on June 12, 2022.
             Was the Champion of Trog.
             Slain by an unseen horror (9 damage)
             ... in the Dungeon (Sprint I: "Red Sonja").
             The game lasted 00:04:31 (3493 turns).

Zeld the Warrior (Minotaur Berserker)               Turns: 3493, Time: 00:04:32

Health: -5/177     AC:  7    Str: 26    XL:     11   Next: 21%
Magic:  10/10      EV: 15    Int:  4    God:    Trog [******]
Gold:   143        SH:  0    Dex: 10    Spells: 10/10 levels left

rFire   . . .      SeeInvis +   k - +5 scythe (venom)
rCold   . . .      Faith    .   (shield currently unavailable)
rNeg    . . .      Spirit   .   h - +0 troll leather armour
rPois   .          Reflect  .   (helmet restricted)
rElec   .          Harm     .   (no cloak)
rCorr   .          Rampage  +   (no gloves)
Will    .....      NoTele   +   o - +0 pair of boots {rampage}
Stlth   ..........              r - amulet of regeneration
HPRegen 1.99/turn               l - ring of see invisible
MPRegen 0.12/turn               (no ring)

@: berserking (expiring), glowing, very quick
A: horns 2, retaliatory headbutt
a: Renounce Religion, Berserk, Trog's Hand, Brothers in Arms


You were in the Dungeon.
You worshipped Trog.
Trog was exalted by your worship.
You visited 1 branch You collected 1295 gold pieces.
You spent 1152 gold pieces at shops.

Inventory:

Hand Weapons
 a - a +3 antimagic battleaxe
 k - a +5 scythe of venom (weapon)
 s - the +5 sword of Power {vorpal}
   (You found it in the Dungeon)

   It inflicts extra damage upon your enemies.
   It occasionally discharges a powerful but inaccurate bolt of energy upon
   striking a foe, with increased chance the greater the wielder's current
   health.
Armour
 h - a +0 troll leather armour (worn)
 o - a +0 pair of boots of rampaging (worn)
 v - the +7 chain mail "Metoffuf" {rF+++ rN++ Str+3 Slay-4}
   (You bought it in a shop in the Dungeon)

   Str:       It affects your strength (+3).
   Slay:      It affects your accuracy & damage with ranged weapons and melee
   (-4).
   rF:        It renders you almost immune to fire.
   rN:        It greatly protects you from negative energy.
Jewellery
 l - a ring of see invisible (left hand)
 r - an amulet of regeneration (around neck)
Wands
 b - a wand of paralysis (3)
 i - a wand of flame (38)
 j - a wand of digging (1)
Scrolls
 n - a scroll of blinking
 p - a scroll of torment {unknown}
 q - a scroll of fear {unknown}
 u - a scroll of identify
 w - a scroll of summoning {unknown}
Potions
 c - 8 potions of curing
 d - a potion of mutation {unknown}
 e - 2 potions of haste
 f - 2 potions of magic
 g - a potion of berserk rage
 m - a potion of degeneration {unknown}
 t - a potion of flight


   Skills:
 * Level 17.9 Fighting
 * Level 17.8 Axes
 + Level 12.9 Armour
 + Level 12.1 Dodging
 + Level 9.6 Evocations


You had 10 spell levels left.
You didn't know any spells.
Your spell library was empty.

Dungeon Overview and Level Annotations

Branches:
Dungeon (1/1)

Altars:
Cheibriados
Dithmenos
Elyvilon
Fedhas
Gozag
Hepliaklqana
Kikubaaqudgha
Makhleb
Nemelex Xobeh
Okawaru
Qazlal
Ru
Sif Muna
Trog
Uskayaw
Vehumet
Wu Jian
Xom
Yredelemnul
Zin
The Shining One
Jiyva
Lugonu

Shops:
D [=***[[[*(([:[:[*


Innate Abilities, Weirdness & Mutations

You have a pair of horns on your head.
You reflexively headbutt those who attack you in melee.


Message History

The unseen horror barely misses you. The unseen horror hits you!
The unseen horror hits you but does no damage. x2
The daeva calls down the wrath of the Shining One upon you.
The Shining One smites you!
Unknown command.
You slice the daeva!! Your headbutt misses the daeva.
The daeva is almost dead.
The unseen horror hits you!
The unseen horror hits you but does no damage.
The unseen horror barely misses you. The unseen horror closely misses you.
The daeva hits you with a +2 long sword of holy wrath!!
* * * LOW HITPOINT WARNING * * *
The daeva hits you with a +2 long sword of holy wrath!
* * * LOW HITPOINT WARNING * * *
You hit the daeva but do no damage.
The daeva is almost dead.
The unseen horror misses you. x2
The daeva calls down the wrath of the Shining One upon you.
The Shining One smites you!
* * * LOW HITPOINT WARNING * * *
Unknown command.
Unknown command.
The daeva blocks your attack.
The daeva is almost dead.
The unseen horror hits you but does no damage.
The unseen horror closely misses you. You furiously retaliate!
You headbutt the unseen horror. The unseen horror hits you.
* * * LOW HITPOINT WARNING * * *
The daeva hits you with a +2 long sword of holy wrath!
* * * LOW HITPOINT WARNING * * *
The daeva hits you with a +2 long sword of holy wrath.
* * * LOW HITPOINT WARNING * * *
The unseen horror hits you but does no damage.
Unknown command.
You closely miss the daeva.
The daeva is almost dead.
The unseen horror hits you!
* * * LOW HITPOINT WARNING * * *
The unseen horror hits you!
You die...

###################
...#..#.)÷)†..§§§.+
...##'#§####.§.§.##
...'..#.# ##§§.## #
####.§'§# ###§# ?##
§.##+#### #§##$$$#
..#... #x@###$#
.§#.○○. ##xA.#$#
#§###.°○ .x#.#$#
#.'.#°.○# #.##..$#
###.#..## #. +###
∩##.#..# ## ###.#
.##.# ..§.#


You could see a daeva and 3 unseen horrors.

Vanquished Creatures
  2 centaur warriors (D)
  Sonja (D)
  A deep troll (D)
  A lindwurm (D)
  An oklob plant (D)
  3 demonic crawlers (D)
  2 unseen horrors (D)
  A kobold demonologist (D)
  A hornet (D)
  A slime creature (D)
  Sigmund (D)
  A yak (D)
  13 hogs (D)
  2 redbacks (D)
  2 floating eyes (D)
  7 necrophages (D)
  An ogre (D)
  8 jellies (D)
  Ijyb (D)
50 creatures vanquished.

Vanquished Creatures (collateral kills)
  A gargoyle (D)
  A demonic crawler (D)
2 creatures vanquished.

Vanquished Creatures (others)
  A kobold demonologist (D)
  2 ballistomycete spores (D)
3 creatures vanquished.

Grand Total: 55 creatures vanquished

Notes
Turn   | Place    | Note
-------+----------+-------------------------------------------
     0 | D        | Zeld the Minotaur Berserker began the quest for the Orb.
     0 | D        | Reached XP level 1. HP: 19/19 MP: 0/0
     1 | D        | Noticed Ijyb
     9 | D        | Killed Ijyb
    10 | D        | Reached skill level 5 in Fighting
    10 | D        | Reached skill level 5 in Axes
    10 | D        | Reached XP level 2. HP: 22/29 MP: 1/1
   154 | D        | Noticed an ogre
   157 | D        | Killed an ogre
   158 | D        | Reached XP level 3. HP: 39/39 MP: 2/2
   158 | D        | Reached XP level 4. HP: 47/47 MP: 3/3
   272 | D        | Noticed Sigmund
   278 | D        | Killed Sigmund
   278 | D        | Reached ** piety under Trog
   279 | D        | Reached skill level 5 in Dodging
   279 | D        | Reached XP level 5. HP: 56/56 MP: 4/4
   484 | D        | Found an ornate altar of the Wu Jian Council.
   484 | D        | Found a shimmering blue altar of Sif Muna.
   486 | D        | Found a radiant altar of Vehumet.
   489 | D        | Reached XP level 6. HP: 63/63 MP: 5/5
   518 | D        | Found Zejusia's Jewellery Emporium.
   518 | D        | Found an ancient bone altar of Kikubaaqudgha.
   518 | D        | Found a hazy altar of Hepliaklqana.
   518 | D        | Found a hide-covered altar of Uskayaw.
   518 | D        | Found a basalt altar of Yredelemnul.
   518 | D        | Found an opulent altar of Gozag.
   518 | D        | Found a snail-covered altar of Cheibriados.
   518 | D        | Found a sacrificial altar of Ru.
   518 | D        | Found a shadowy altar of Dithmenos.
   518 | D        | Noticed a yak
   519 | D        | Found a stormy altar of Qazlal.
   519 | D        | Found a blossoming altar of Fedhas.
   519 | D        | Found a bloodstained altar of Trog.
   519 | D        | Found an iron altar of Okawaru.
   519 | D        | Found a glowing golden altar of the Shining One.
   519 | D        | Found a glowing silver altar of Zin.
   519 | D        | Found a white marble altar of Elyvilon.
   522 | D        | Killed a yak
   523 | D        | Reached skill level 10 in Fighting
   523 | D        | Reached skill level 10 in Axes
   524 | D        | Found a sparkling altar of Nemelex Xobeh.
   528 | D        | Bought a ring of see invisible for 195 gold pieces
   822 | D        | Found a burning altar of Makhleb.
   822 | D        | Found a viscous altar of Jiyva.
   822 | D        | Found a shimmering altar of Xom.
   822 | D        | Found a corrupted altar of Lugonu.
   822 | D        | Noticed a slime creature
   834 | D        | Killed a slime creature
   835 | D        | Reached XP level 7. HP: 29/73 MP: 6/6
  1225 | D        | Noticed a kobold demonologist
  1225 | D        | Noticed a kobold demonologist
  1226 | D        | Paralysed by a floating eye for 2 turns
  1229 | D        | Noticed a rust devil
  1230 | D        | Reached skill level 5 in Evocations
  1231 | D        | Noticed a chaos spawn
  1237 | D        | Killed a kobold demonologist
  1240 | D        | Killed a kobold demonologist
  1240 | D        | Reached *** piety under Trog
  1241 | D        | Reached XP level 8. HP: 23/83 MP: 7/7
  1568 | D        | Noticed Sonja
  1579 | D        | Killed Sonja
  1892 | D        | Noticed a deep troll
  1913 | D        | Killed a deep troll
  1914 | D        | Reached XP level 9. HP: 25/94 MP: 8/8
  2204 | D        | Found Foumitui's Armour Emporium.
  2229 | D        | Bought a +0 pair of boots of rampaging for 149 gold pieces
  2259 | D        | Found Quapn's Armour Boutique.
  2297 | D        | Noticed a centaur warrior
  2298 | D        | Noticed a centaur warrior
  2304 | D        | Killed a centaur warrior
  2305 | D        | Reached skill level 10 in Armour
  2308 | D        | Killed a centaur warrior
  2308 | D        | Reached **** piety under Trog
  2309 | D        | Reached skill level 15 in Fighting
  2309 | D        | Reached skill level 10 in Dodging
  2487 | D        | Reached skill level 15 in Axes
  2593 | D        | Noticed an oklob plant
  2596 | D        | Killed an oklob plant
  2597 | D        | Reached XP level 10. HP: 103/106 MP: 9/9
  2709 | D        | Reached ***** piety under Trog
  2715 | D        | Received a gift from Trog
  2728 | D        | Found the +5 sword of Power {vorpal}
  2743 | D        | Received a gift from Trog
  2787 | D        | Found Laerph's General Store.
  2787 | D        | Found Xuemitey's Assorted Antiques.
  2787 | D        | Found Cazily's General Store.
  2789 | D        | Found Yrchonu's Antique Armour Emporium.
  2789 | D        | Found Etonk's Armour Shop.
  2789 | D        | Found Quhibb's Armour Shoppe.
  2789 | D        | Found Zudetz's Assorted Antiques.
  2789 | D        | Found Heceli's Weapon Emporium.
  2789 | D        | Found Eturuko's Weapon Shop.
  2789 | D        | Found Konips's Antique Armour Shoppe.
  2791 | D        | Bought a potion of haste for 190 gold pieces
  2793 | D        | Bought a potion of flight for 36 gold pieces
  2793 | D        | Bought a scroll of identify for 24 gold pieces
  2793 | D        | Bought a scroll of blinking for 90 gold pieces
  2794 | D        | Bought a potion of curing for 33 gold pieces
  2794 | D        | Found Vokhlant's Book Boutique.
  2795 | D        | Bought a warped chain mail for 228 gold pieces
  2795 | D        | Identified the +7 chain mail "Metoffuf" {rF+++ rN++ Str+3
                  | Slay-4} (You bought it in a shop in the Dungeon)
  2795 | D        | Found Guomuef's Book Emporium.
  2795 | D        | Found Zom Byci's Armour Boutique.
  2796 | D        | Found Azxuleja's General Store.
  2798 | D        | Bought 2 potions of curing for 138 gold pieces
  2798 | D        | Bought a potion of curing for 69 gold pieces
  2858 | D        | Noticed a gargoyle
  2872 | D        | Killed a gargoyle
  3083 | D        | Noticed a lindwurm
  3091 | D        | Killed a lindwurm
  3091 | D        | Received a gift from Trog
  3336 | D        | Reached XP level 11. HP: 117/117 MP: 10/10
  3349 | D        | Reached ****** piety under Trog
  3360 | D        | Received a gift from Trog
  3481 | D        | Noticed a daeva
  3493 | D        | HP: 4/177 [unseen horror (8)]
  3493 | D        | Slain by an unseen horror

Illustrated notes

Levels and vault maps discovered:
D:        dungeon_sprint_1 [red_sonja_temple_1, red_sonja_temple_small_1]

Skill      XL: |  1  2  3  4  5  6  7  8  9 10 11 |
---------------+----------------------------------+-----
Fighting       | 5 7 8 9 10 12 13 15 17 | 17.9
Axes           | 5 7 8 9 10 12 13 15 17 | 17.8
Armour         | 3 4 6 7 8 9 11 12 | 12.9
Dodging        | 3 4 5 6 7 9 10 11 12 | 12.1
Evocations     | 2 3 4 5 6 7 9 |  9.6

Action                   |  1- 3 |  4- 6 |  7- 9 | 10-12 || total
-------------------------+-------+-------+-------+-------++-------
Melee: Hand axe          |     8 |     4 |       |       ||    12
       Headbutt          |     3 |     3 |     2 |    16 ||    24
       Scythe            |       |     8 |    33 |   100 ||   141
Invok: Berserk           |     2 |     2 |     3 |     2 ||     9
       Trog's Hand       |       |       |     2 |       ||     2
       Brothers in Arms  |       |       |       |     1 ||     1
Evoke: Wand              |       |       |     3 |     1 ||     4
  Use: Potion            |       |       |     2 |       ||     2
       Scroll            |       |       |     1 |     1 ||     2
Armor: Animal skin       |     1 |     1 |     4 |       ||     6
       Troll leather arm |       |       |     6 |    45 ||    51
Dodge: Dodged            |     2 |     2 |    40 |   118 ||   162
